 Dungeon Crawl Stone Soup version 0.29.1-15-g9cfb28693d (webtiles) character file.

Game seed: 4891462994451445113

196767 joshe the Devastator (level 17, -1/117 HPs)
             Began as a Demonspawn Conjurer on Apr 18, 2023.
             Was a High Priest of Vehumet.
             Collided with a rock wall (11 damage)
             ... caused by a wretched star
             ... on level 3 of the Abyss on May 8, 2023.
             The game lasted 07:01:27 (56220 turns).

joshe the Devastator (Demonspawn Conjurer)         Turns: 56220, Time: 07:01:29

Health: -1/117     AC: 18    Str:  9    XL:     17   Next: 75%
Magic:  35/35      EV: 32    Int: 24    God:    Vehumet [*****.]
Gold:   1690       SH: 10    Dex: 10    Spells: 9/44 levels left

rFire   . . .      SeeInvis +   w - +2 dagger (freeze)
rCold   + . .      Faith    .   Y - +1 kite shield of the Slug {rElec}
rNeg    + . .      Spirit   .   i - +0 troll leather armour
rPois   +          Reflect  .   (helmet unavailable)
rElec   +          Harm     .   U - +0 cloak {rPois}
rCorr   +          Rampage  .   h - +2 pair of gloves
Will    +....      Rage     9%  l - +0 pair of boots
Stlth   +.........              H - amulet of the acrobat
HPRegen 0.00/turn               r - +4 ring of evasion
MPRegen 0.24/turn               W - ring of Tahues {rN+ rCorr AC+4}

@: about to teleport, acrobatic, sick, invisible
A: antennae 3, icy blue scales 3, demonic guardian 2, powered by pain 3,
[berserk 2], [clumsy 2]
}: 1/15 runes: gossamer
a: Renounce Religion


You were on level 3 of the Abyss.
You worshipped Vehumet.
Vehumet was extremely pleased with you.
You visited 6 branches of the dungeon, and saw 28 of its levels.
You visited the Abyss 1 time.
You also visited: Bailey.

You collected 2877 gold pieces.
You spent 1187 gold pieces at shops.

Inventory:

Hand Weapons
 w - a +2 dagger of freezing (weapon)
 A - a +6 whip
Missiles
 k - 33 poisoned darts
Armour
 f - a +0 buckler
 h - a +2 pair of gloves (worn)
 i - a +0 troll leather armour (worn)
 l - a +0 pair of boots (worn)
 P - a +2 robe of willpower
 U - a +0 cloak of poison resistance (worn)
 V - a scarf of invisibility
 Y - the +1 kite shield of the Slug (worn) {rElec}
   (You took it off Donald on level 3 of the Swamp)

   rElec:     It insulates you from electricity.
Jewellery
 m - a ring of wizardry
 r - a +4 ring of evasion (left hand)
 t - a +4 ring of evasion
 z - a ring of willpower
 H - an amulet of the acrobat (around neck)
 M - an amulet of reflection
 O - the ring of Wuonluagh {+Blink rPois rCorr Str+3}
   (You found it on level 1 of the Lair of Beasts)

   [ring of poison resistance]

   Str:       It affects your strength (+3).
   rPois:     It protects you from poison.
   +Blink:    It lets you blink.
   rCorr:     It protects you from acid and corrosion.
 W - the ring of Tahues (right hand) {rN+ rCorr AC+4}
   (You found it on level 1 of the Swamp)

   [ring of protection]

   AC:        It affects your AC (+4).
   rN:        It protects you from negative energy.
   rCorr:     It protects you from acid and corrosion.
Wands
 a - a wand of iceblast (14)
 n - a wand of charming (9)
 C - a wand of acid (12)
 D - a wand of polymorph (24)
 G - a wand of digging (13)
 K - a wand of mindburst (9)
Scrolls
 u - a scroll of blinking
 v - 2 scrolls of immolation
 x - a scroll of teleportation
 y - a scroll of summoning
 F - 8 scrolls of fear
 J - 3 scrolls of enchant armour
 L - 4 scrolls of poison
 N - 4 scrolls of butterflies
 R - a scroll of brand weapon
 T - 4 scrolls of enchant weapon
 X - a scroll of magic mapping
Potions
 b - a potion of invisibility
 c - 3 potions of heal wounds
 d - 9 potions of lignification
 e - a potion of haste
 g - 6 potions of brilliance
 j - 2 potions of berserk rage
 o - 4 potions of ambrosia
 p - 10 potions of might
 q - 13 potions of curing
 s - 3 potions of mutation
 B - 5 potions of flight
 I - 2 potions of resistance
 Q - 5 potions of cancellation
 S - 2 potions of magic
Miscellaneous
 E - a lightning rod (3/4)


   Skills:
 - Level 6.0 Fighting
 - Level 4.0 Short Blades
 - Level 4.0 Armour
 - Level 10.0 Dodging
 - Level 2.0 Stealth
 + Level 6.9 Shields
 - Level 14.0 Spellcasting
 - Level 16.0 Conjurations
 - Level 8.0 Hexes
 - Level 4.0 Translocations
 - Level 8.0 Fire Magic
 - Level 14.0 Earth Magic
 - Level 5.0 Evocations


You had 9 spell levels left.
You knew the following spells:

 Your Spells              Type           Power      Damage    Failure   Level
a - Magic Dart            Conj           100%       1d8       0%          1
b - Searing Ray           Conj           100%       2d8       1%          2
c - Fulminant Prism       Conj/Hex       32%        3d16      1%          4
d - Iskenderun's Mystic   Conj/Tloc      59%        2d12      1%          4
e - Iron Shot             Conj/Erth      36%        9d7       1%          6
f - Stone Arrow           Conj/Erth      100%       3d13      1%          3
g - Sandblast             Erth           100%       2d20      1%          1
h - Lee's Rapid Deconstr  Erth           35%        3d19*     1%          5
i - Iskenderun's Battles  Conj           76%        2d12      1%          5
j - Flame Wave            Conj/Fire      65%        2d15      1%          4

Your spell library contained the following spells:

 Spells                   Type           Power      Damage    Failure   Level
 Ignition                 Fire           26%        3d9       99%         8
 Foxfire                  Conj/Fire      100%       2x1d9     1%          1
 Shock                    Conj/Air       100%       1d9       1%          1
 Passwall                 Tmut/Erth      41%        N/A       1%          2
 Conjure Flame            Conj/Fire      65%        6-21      1%          3
 Dazzling Flash           Conj/Hex       100%       N/A       1%          3
 Inner Flame              Hex/Fire       53%        N/A       1%          3
 Tukima's Dance           Hex            53%        N/A       1%          3
 Hailstorm                Conj/Ice       53%        3d12      1%          4
 Leda's Liquefaction      Hex/Erth       31%        N/A       1%          4
 Apportation              Tloc           72%        N/A       2%          1
 Freeze                   Ice            64%        1d8       3%          1
 Ensorcelled Hibernation  Hex/Ice        72%        N/A       3%          2
 Portal Projectile        Hex/Tloc       90%        N/A       3%          3
 Irradiate                Conj/Tmut      26%        3d20      3%          5
 Lightning Bolt           Conj/Air       26%        1d42      3%          5
 Animate Armour           Summ/Erth      100%       N/A       7%          4
 Frozen Ramparts          Ice            32%        1d5       11%         3
 Freezing Cloud           Conj/Ice/Air   21%        6-21      11%         5
 Beastly Appendage        Tmut           32%        N/A       12%         1
 Necrotise                Necr           64%        1d7       12%         1
 Summon Small Mammal      Summ           64%        N/A       12%         1
 Wereblood                Tmut           16%        N/A       19%         2
 Borgnjor's Vile Clutch   Necr/Erth      25%        N/A       19%         5
 Passage of Golubria      Tloc           36%        N/A       24%         4
 Airstrike                Air            8%         2d(2-18)  30%         4
 Spider Form              Tmut/Pois      16%        N/A       36%         3
 Swiftness                Air            16%        N/A       36%         3
 Lehudib's Crystal Spear  Conj/Erth      36%        10d9      38%         8
 Silence                  Hex/Air        18%        N/A       54%         5
 Statue Form              Tmut/Erth      33%        N/A       71%         6
 Corpse Rot               Necr/Pois/Air  16%        N/A       77%         4
 Dispel Undead            Necr           16%        3d10      77%         4
 Summon Lightning Spire   Summ/Air       16%        N/A       77%         4
 Summon Forest            Summ/Tloc      13%        N/A       83%         5
 Alistair's Intoxication  Tmut/Pois      10%        N/A       98%         5
 Blade Hands              Tmut           8%         N/A       98%         5
 Eringya's Noxious Bog    Tmut/Pois      8%         N/A       98%         6
 Death Channel            Necr           8%         N/A       100%        6
 Simulacrum               Ice/Necr       8%         N/A       100%        6
 Storm Form               Tmut/Air       8%         N/A       100%        7
 Summon Hydra             Summ           8%         N/A       100%        7
 Maxwell's Capacitive Co  Air            8%         ∞         100%        8
 Polar Vortex             Ice            8%         N/A       100%        9


Dungeon Overview and Level Annotations

Branches:
Dungeon (12/15)            Temple (1/1) D:6            Lair (5/5) D:9
  Swamp (4/4) Lair:2       Spider (4/4) Lair:3        Slime (0/5) Lair:5
    Orc (2/2) D:12            Elf (0/3) Orc:2        Bailey (visited)

Altars:
Ashenzari
Cheibriados
Dithmenos
Fedhas
Gozag
Kikubaaqudgha
Makhleb
Nemelex Xobeh
Okawaru
Qazlal
Ru
Sif Muna
Trog
Uskayaw
Vehumet
Wu Jian
Xom
Yredelemnul
Jiyva

Shops:
D:2 (   D:3 [   D:7 *   Orc:2 :(*[

Annotations:
D:8 1 runed translucent door


Innate Abilities, Weirdness & Mutations

You have a pair of large antennae on your head. (SInv)
You are completely covered in icy blue scales. (AC +4, rC+)
A demonic guardian rushes to your aid.
You are powered by pain.
[You have an uncontrollable temper.]
[You are very clumsy. (Dex -4)]


Message History

Your smoke demon barely misses the thrashing horror.
The thrashing horror misses you.
You block the thrashing horror's attack.
You feel ill.
Your smoke demon barely misses the thrashing horror. x2
Your smoke demon hits the thrashing horror but does no damage.
As you read the scroll of teleportation, it crumbles to dust.
You feel strangely unstable.
You feel the power of the Abyss delaying your translocation!
The thrashing horror roars!
The thrashing horror tramples you but does no damage. x2
The wretched star pulses with an eldritch light!
You feel a little pissed off.
You feel extremely angry at everything!
Your smoke demon twists and deforms.
The thrashing horror tramples you but does no damage.
You block the thrashing horror's attack.
Your smoke demon closely misses the thrashing horror.
Your smoke demon misses the thrashing horror.
Your smoke demon hits the thrashing horror but does no damage.
Casting: Iron Shot (dangerous; 1% risk of failure)
Confirm with . or Enter, or press ? or * to list all spells.
Really blast near your smoke demon?
Okay, then.
Unknown command.
Unknown command.
You fade into invisibility!
You block the thrashing horror's attack. x2
Your smoke demon gestures at the wretched star.
The wretched star is smitten.
You block the thrashing horror's attack.
The thrashing horror completely misses you.
You hear a splashing noise.
The thrashing horror completely misses you. x2
The thrashing horror misses you. The thrashing horror barely misses you.
The wretched star glows turbulently.
The lance of force hits you!!
* * * LOW HITPOINT WARNING * * *
You are knocked back by the lance of force.
You slam into the rock wall!
You die...

{ ####
########### ≈~~
~..#..##.@.#
~~≈~~~.... #.###
{ ~
§≈~≈.{.####..##
~≈
≈≈♣.##{#.###...#
~~#
♣{.{#.{.*#..#
~~§ {{##XX#X .##
~~≈~#~3~
####.#.# #..#. §
. #.#.# ##.~.
.{# ..#.#


You could see a wretched star and a thrashing horror (unable to see you).

Vanquished Creatures
  Asterion (Spider:1)
  Roxanne (Swamp:1)
  Donald (Swamp:3)
  4 thorn hunters (Swamp:3)
  7 emperor scorpions
  An orc warlord (Orc:2)
  3 ghost moths
  2 ghouls (Swamp:3)
  The ghost of valliere the Skirmisher, a journeyman DrHu of Ru (Lair:5)
  5 eleionomae
  The ghost of Tiowefad the Alchemist, a journeyman MeBr of Ru (D:12)
  Azrael (D:12)
  3 bunyips
  An entropy weaver (Spider:2)
  4 spark wasps
  4 shambling mangroves
  Josephine (Spider:1)
  Erolcha (D:11)
  7 hydras
  3 radroaches
  7 boulder beetles
  4 catoblepae
  2 jorogumos (Spider:3)
  11 alligators
  14 death yaks
  3 two-headed ogres
  A tengu warrior (D:10)
  3 orc high priests (Orc:2)
  Nergalle (Lair:3)
  A spriggan berserker (Swamp:2)
  7 pharaoh ants
  2 spriggan druids
  A glowing orange brain (Abyss:3)
  4 goliath frogs
  2 sun moths (Spider:4)
  11 steelbarb worms
  4 bog bodies
  10 orb spiders
  3 swamp dragons
  A spectral hydra (Swamp:4)
  3 orc knights (Orc:2)
  5 orc sorcerers
  18 wolf spiders
  An ugly thing (D:12)
  3 lindwurms
  9 oklob plants
  3 cyclopes
  3 manticores
  15 elephants
  3 moths of wrath (Spider:4)
  A worldbinder (Abyss:3)
  Maurice (Orc:1)
  A guardian serpent (D:12)
  5 torpor snails
  10 cane toads
  2 black mambas
  5 unseen horrors
  2 kobold demonologists (D:12)
  3 demonic crawlers
  12 komodo dragons
  2 rime drakes
  2 ancient zymes (Abyss:3)
  2 bloated husks
  3 meliai (Spider:2)
  10 trolls
  2 polar bears (Lair:5)
  4 tyrant leeches
  3 blink frogs (Lair:5)
  27 hornets
  3 slime creatures (D:11)
  29 tarantellas
  19 jumping spiders
  2 vampires
  14 spriggans
  2 shadows
  31 culicivoras
  7 wraiths
  A ynoxinul (D:12)
  6 wyverns
  52 yaks
  3 basilisks
  A human (D:12)
  4 vampire mosquitoes
  A small abomination (Abyss:3)
  A neqoxec (Abyss:3)
  2 fire elementals (D:12)
  65 redbacks
  A dancing weapon (Bailey)
  15 swamp worms
  2 wargs (D:12)
  11 water moccasins
  A floating eye (shapeshifter) (D:10)
  2 hell hounds (D:12)
  25 orc warriors
  5 swamp drakes (Swamp:4)
  Duvessa (D:7)
  4 ice beasts
  2 sky beasts
  A boggart (D:10)
  18 wolves
  5 ogres
  5 centaurs
  A gnoll sergeant (D:9)
  3 kobold brigands
  8 bullfrogs
  5 scorpions
  5 necrophages
  6 wights
  Dowan (D:7)
  12 killer bees
  3 electric eels (Spider:2)
  2 howler monkeys
  4 lava snakes (Lair:1)
  A starcursed mass (Abyss:3)
  2 hounds
  An iron imp (D:5)
  27 orc priests
  A gnoll bouda (D:10)
  Crazy Yiuf (D:3)
  7 iguanas
  22 orc wizards
  4 hell rats (Lair:2)
  Robin (D:4)
  13 gnolls
  13 adders
  A river rat (D:6)
  3 white imps
  3 ufetubi
  3 worms
  3 dart slugs
  85 orcs
  5 endoplasms
  4 giant cockroaches
  18 goblins
  6 hobgoblins
  3 jackals (D:1)
  6 quokkas
  9 ball pythons
  6 bats
  2 frilled lizards
  27 kobolds
  6 rats
  5 briar patches (Swamp:3)
  A bush (Lair:3)
  A fulminant prism (Lair:3)
  A lurking horror (Abyss:3)
986 creatures vanquished.

Vanquished Creatures (collateral kills)
  A balrug (Abyss:3)
  A swamp dragon (Swamp:3)
  A starcursed mass (Abyss:3)
  2 hornets (Swamp:3)
  A jumping spider (Spider:4)
  A spriggan (Swamp:3)
  A yak (D:11)
  A redback (Spider:4)
  An acid dragon (D:10)
  A swamp worm (Swamp:3)
  2 orc warriors
  3 orcs
  5 kobolds (D:10)
21 creatures vanquished.

Vanquished Creatures (others)
  A wyvern (D:10)
  A vampire mosquito (D:12)
  3 dancing weapons (Bailey)
  A kobold brigand (D:10)
  A killer bee (D:10)
  A goblin (D:10)
  465 fulminant prisms
  65 fungi
  98 plants
636 creatures vanquished.

Grand Total: 1643 creatures vanquished

Notes
Turn   | Place    | Note
-------+----------+-------------------------------------------
     0 | D:1      | joshe the Demonspawn Conjurer began the quest for the Orb.
     0 | D:1      | Reached XP level 1. HP: 13/13 MP: 3/3
   471 | D:1      | Gained mutation: You sometimes gain a little power by
                  | taking damage. [demonic ancestry]
   471 | D:1      | Reached XP level 2. HP: 5/19 MP: 0/5
   798 | D:1      | Learned a level 2 spell: Searing Ray
   913 | D:1      | Found a faded altar of an unknown god.
  1878 | D:2      | Gained mutation: You sometimes gain power by taking damage.
                  | [demonic ancestry]
  1878 | D:2      | Reached XP level 3. HP: 24/24 MP: 3/6
  2101 | D:2      | Found Sips's Antique Weapon Shoppe.
  2753 | D:3      | Reached skill level 5 in Conjurations
  3041 | D:3      | Found a large runed translucent door.
  3062 | D:3      | Found a large runed translucent door.
  3157 | D:3      | Gained mutation: You have a pair of small antennae on your
                  | head. [demonic ancestry]
  3157 | D:3      | Reached XP level 4. HP: 30/30 MP: 4/8
  3207 | D:3      | You fall into a shaft and drop 1 floor!
  3210 | D:4      | Noticed a scorpion
  3970 | D:3      | Found Keduiwn's Armour Shoppe.
  3975 | D:3      | Bought a +0 pair of boots for 58 gold pieces
  4290 | D:3      | Found a runed translucent door.
  4291 | D:3      | Noticed Crazy Yiuf
  4324 | D:3      | Found an opulent altar of Gozag.
  4332 | D:3      | Found an iron altar of Okawaru.
  4391 | D:3      | Killed Crazy Yiuf
  4392 | D:3      | Reached skill level 6 in Conjurations
  4392 | D:3      | Gained mutation: You are partially covered in icy blue
                  | scales. (AC +2) [demonic ancestry]
  4392 | D:3      | Reached XP level 5. HP: 35/35 MP: 4/9
  4669 | D:4      | Learned a level 4 spell: Fulminant Prism
  4761 | D:4      | Gained mutation: You are powered by pain. [demonic
                  | ancestry]
  4761 | D:4      | Reached XP level 6. HP: 31/41 MP: 0/10
  4948 | D:4      | Reached skill level 1 in Hexes
  5154 | D:4      | Noticed Robin
  5257 | D:4      | Killed Robin
  5391 | D:4      | Reached skill level 7 in Conjurations
  5869 | D:5      | Entered Level 5 of the Dungeon
  5916 | D:5      | Noticed an ice beast
  6075 | D:5      | Reached XP level 7. HP: 39/46 MP: 1/12
  6712 | D:5      | Found a snail-covered altar of Cheibriados.
  7078 | D:5      | Reached skill level 8 in Conjurations
  7388 | D:6      | Found a staircase to the Ecumenical Temple.
  7417 | D:6      | Reached XP level 8. HP: 52/52 MP: 5/14
  7454 | Temple   | Entered the Ecumenical Temple
  7454 | Temple   | Noticed a shadow demon
  7454 | Temple   | Noticed a Brimstone Fiend
  7454 | Temple   | Noticed an Ice Fiend
  7454 | Temple   | Noticed a balrug
  7456 | Temple   | Noticed Raiblup the pandemonium lord
  7456 | Temple   | Noticed Ynkoseto the pandemonium lord
  7457 | Temple   | Noticed Icuqitz the pandemonium lord
  7457 | Temple   | Noticed a hell beast
  7459 | Temple   | Noticed a Brimstone Fiend
  7460 | Temple   | Noticed an ice devil
  7699 | Temple   | Noticed Fufeu the pandemonium lord
  7864 | Temple   | Noticed Girche the pandemonium lord
  7864 | Temple   | Noticed an ice devil
  7865 | Temple   | Noticed a blizzard demon
  7924 | Temple   | Noticed a rust devil
  7925 | Temple   | Noticed Bir Totzoso the pandemonium lord
  7998 | Temple   | Became a worshipper of Vehumet
  8022 | D:6      | Learned a level 4 spell: Iskenderun's Mystic Blast
  8057 | D:6      | Found a shadowy altar of Dithmenos.
  8101 | D:6      | Reached skill level 1 in Translocations
  8101 | D:6      | Reached skill level 1 in Evocations
 10029 | D:6      | Reached skill level 5 in Spellcasting
 10179 | D:7      | Reached * piety under Vehumet
 10179 | D:7      | Offered knowledge of Freeze by Vehumet.
 10180 | D:7      | Gained mutation: You are mostly covered in icy blue scales.
                  | (AC +3) [demonic ancestry]
 10180 | D:7      | Reached XP level 9. HP: 51/57 MP: 0/16
 10381 | D:7      | Noticed Dowan
 10384 | D:7      | Killed Dowan
 10385 | D:7      | Reached skill level 9 in Conjurations
 10395 | D:7      | Noticed Duvessa
 10667 | D:7      | Killed Duvessa
 11396 | D:7      | Found Pesuomoge's Assorted Antiques.
 11401 | D:7      | Bought a scroll of identify for 52 gold pieces
 11401 | D:7      | Bought a notched iron ring for 130 gold pieces
 11484 | D:7      | Learned a level 3 spell: Tukima's Dance
 11488 | D:7      | Learned a level 3 spell: Stone Arrow
 11509 | D:8      | Reached skill level 10 in Conjurations
 11564 | D:8      | Reached skill level 1 in Earth Magic
 11733 | D:8      | Found a runed translucent door.
 11734 | D:8      | Found a burning altar of Makhleb.
 11734 | D:8      | Noticed a sixfirhy
 12507 | D:9      | Noticed a six-headed hydra
 12752 | D:9      | Found an ornate altar of the Wu Jian Council.
 12869 | D:9      | Reached ** piety under Vehumet
 13016 | D:9      | Noticed a death yak
 13016 | D:9      | Noticed a death yak
 13017 | D:9      | Noticed a death yak
 13017 | D:9      | Noticed a death yak
 13018 | D:9      | Noticed a death yak
 13138 | D:9      | Offered knowledge of Foxfire by Vehumet.
 13674 | D:9      | Found a staircase to the Lair.
 13686 | Lair:1   | Entered Level 1 of the Lair of Beasts
 13746 | Lair:1   | Noticed a cane toad
 13756 | Lair:1   | Noticed a cane toad
 13756 | Lair:1   | Killed a cane toad
 13868 | D:9      | Noticed a death yak
 14074 | D:10     | Entered Level 10 of the Dungeon
 14074 | D:10     | Found a flagged portal.
 14086 | D:10     | Reached skill level 5 in Dodging
 14086 | D:10     | Reached XP level 10. HP: 63/63 MP: 0/17
 14112 | D:10     | Noticed a tengu warrior
 14125 | D:10     | Killed a tengu warrior
 14136 | D:10     | Reached skill level 5 in Earth Magic
 14136 | D:10     | Reached skill level 5 in Evocations
 14144 | D:10     | Noticed a cyclops
 14487 | Bailey   | Entered a bailey
 14752 | Bailey   | Offered knowledge of Conjure Flame by Vehumet.
 15256 | Bailey   | Identified the +0 pair of gloves of the Disturbing Orbs
                  | {Str+3}
 15351 | D:10     | Noticed a deep troll
 15556 | D:9      | Noticed a death yak
 15852 | D:8      | Found a runed translucent door.
 15853 | D:8      | Found a burning altar of Makhleb.
 16036 | D:8      | Killed a death yak
 16436 | D:9      | Killed a six-headed hydra
 16583 | D:9      | Killed a death yak
 16584 | D:9      | Reached skill level 5 in Hexes
 16584 | D:9      | Gained mutation: You have a pair of antennae on your head.
                  | [demonic ancestry]
 16584 | D:9      | Reached XP level 11. HP: 35/68 MP: 2/21
 17043 | D:9      | Killed a death yak
 17044 | D:9      | Reached skill level 1 in Short Blades
 17044 | D:9      | Killed a death yak
 17294 | D:9      | Found an ornate altar of the Wu Jian Council.
 17377 | D:9      | Found a staircase to the Lair.
 17557 | D:9      | Killed a death yak
 17563 | D:9      | Killed a death yak
 17563 | D:9      | Reached *** piety under Vehumet
 18057 | D:9      | Found an ornate altar of the Wu Jian Council.
 18086 | D:9      | Found a staircase to the Lair.
 18296 | D:9      | Killed a death yak
 18573 | D:9      | Learned a level 1 spell: Sandblast
 18576 | D:10     | Noticed a two-headed ogre
 18586 | D:10     | Killed a two-headed ogre
 19093 | D:10     | Learned a level 5 spell: Lee's Rapid Deconstruction
 19950 | D:7      | Bought a scroll of blinking for 195 gold pieces
 19950 | D:7      | Bought a scroll of identify for 52 gold pieces
 20541 | Lair:1   | Gained mutation: You have a pair of large antennae on your
                  | head. (SInv) [demonic ancestry]
 20541 | Lair:1   | Reached XP level 12. HP: 74/74 MP: 7/22
 21263 | Lair:1   | Found a runed translucent door.
 21731 | Lair:2   | Noticed a catoblepas
 21760 | Lair:2   | Noticed a boulder beetle
 21932 | Lair:2   | Found a staircase to the Swamp.
 22461 | Lair:1   | Killed a catoblepas
 23331 | Lair:1   | Killed a boulder beetle
 24673 | Lair:3   | Noticed Nergalle
 24680 | Lair:3   | Killed Nergalle
 25272 | Lair:3   | Offered knowledge of Sticky Flame by Vehumet.
 25420 | Lair:3   | Reached skill level 10 in Dodging
 25559 | Lair:3   | Noticed a seven-headed hydra
 25569 | Lair:3   | Killed a seven-headed hydra
 25813 | Lair:3   | Found a hole to the Spider Nest.
 26528 | Lair:3   | Reached XP level 13. HP: 79/79 MP: 13/26
 27817 | Lair:4   | Reached **** piety under Vehumet
 28137 | Lair:4   | Reached skill level 10 in Spellcasting
 28450 | Lair:4   | Offered knowledge of Hailstorm by Vehumet.
 29495 | Lair:4   | You fall into a shaft and drop 1 floor!
 29495 | Lair:5   | Entered Level 5 of the Lair of Beasts
 29506 | Lair:5   | Reached skill level 10 in Earth Magic
 30005 | Lair:5   | Reached skill level 11 in Conjurations
 30363 | Lair:5   | Reached skill level 1 in Shields
 30763 | Lair:5   | Found a viscous altar of Jiyva.
 30764 | Lair:5   | Found a staircase to the Slime Pits.
 30979 | Lair:5   | Found a runed translucent door.
 30989 | Lair:5   | Reached ***** piety under Vehumet
 31035 | Lair:5   | Noticed valliere's ghost (journeyman DrHu)
 31568 | Lair:5   | Offered knowledge of Freezing Cloud by Vehumet.
 31569 | Lair:5   | Gained mutation: A weak demonic guardian rushes to your
                  | aid. [demonic ancestry]
 31569 | Lair:5   | Reached XP level 14. HP: 51/85 MP: 23/28
 32042 | Lair:5   | Reached skill level 5 in Shields
 32982 | Lair:5   | Killed valliere's ghost
 33205 | Lair:1   | Reached skill level 12 in Conjurations
 33352 | Lair:1   | Found a runed translucent gate.
 33353 | Lair:1   | Found a runed translucent gate.
 33353 | Lair:1   | Identified the +1 hat "Aclenemm" {Harm rElec rF+ Stlth+}
 33355 | Lair:1   | Found a runed translucent gate.
 33355 | Lair:1   | Found a runed translucent gate.
 33355 | Lair:1   | Found a runed translucent gate.
 33356 | Lair:1   | Found a runed translucent gate.
 34023 | Lair:1   | Identified the ring of Wuonluagh {+Blink rPois rCorr Str+3}
 34499 | D:11     | Noticed Erolcha
 34510 | D:11     | Killed Erolcha
 35150 | D:12     | Noticed Tiowefad's ghost (journeyman MeBr)
 35153 | D:12     | Found a runed translucent door.
 35187 | D:12     | Offered knowledge of Iskenderun's Battlesphere by Vehumet.
 35199 | D:12     | Learned a level 5 spell: Iskenderun's Battlesphere
 35204 | D:12     | Learned a level 4 spell: Flame Wave
 35775 | D:12     | Reached skill level 13 in Conjurations
 35783 | D:12     | Reached skill level 1 in Fire Magic
 35789 | D:12     | Noticed Azrael
 36266 | D:12     | Found a staircase to the Orcish Mines.
 36487 | D:12     | Killed Azrael
 37343 | D:12     | Got the Papyrus of the Lithosphere
 37434 | D:12     | Killed Tiowefad's ghost
 37443 | D:12     | Learned a level 6 spell: Iron Shot
 37574 | D:12     | Found a staircase to the Orcish Mines.
 38025 | Orc:1    | Entered Level 1 of the Orcish Mines
 38184 | Orc:1    | Noticed Maurice
 38192 | Orc:1    | Killed Maurice
 38735 | Orc:2    | Entered Level 2 of the Orcish Mines
 38735 | Orc:2    | Found a staircase to the Elven Halls.
 39082 | Orc:2    | Gained mutation: You are completely covered in icy blue
                  | scales. (AC +4, rC+) [demonic ancestry]
 39082 | Orc:2    | Reached XP level 15. HP: 84/84 MP: 23/30
 39221 | Orc:2    | Noticed an orc warlord
 39421 | Orc:2    | Killed an orc warlord
 39570 | Orc:2    | Offered knowledge of Fireball by Vehumet.
 40375 | Orc:2    | Found Tiurpheph's General Store.
 40376 | Orc:2    | Found Tephuk's Book Shoppe.
 40378 | Orc:2    | Found Udwicau's Antique Armour Emporium.
 40378 | Orc:2    | Found Ezem's Antique Weapon Emporium.
 40400 | Orc:2    | Bought a potion of invisibility for 80 gold pieces
 40400 | Orc:2    | Bought a scroll of butterflies for 40 gold pieces
 40400 | Orc:2    | Bought a potion of heal wounds for 50 gold pieces
 40400 | Orc:2    | Bought a scroll of teleportation for 30 gold pieces
 40400 | Orc:2    | Bought a potion of magic for 80 gold pieces
 40413 | Orc:2    | Bought a pair of bloodstained gloves for 275 gold pieces
 40413 | Orc:2    | Identified the +1 pair of gloves of the Moon Troll {Stlth+}
                  | (You bought it in a shop on level 2 of the Orcish Mines)
 40413 | Orc:2    | Bought a dyed leather armour for 145 gold pieces
 41048 | Spider:1 | Entered Level 1 of the Spider Nest
 41051 | Spider:1 | Noticed Asterion
 41067 | Spider:1 | Killed Asterion
 41280 | Spider:1 | Reached skill level 14 in Conjurations
 41368 | Spider:1 | Got Sif Muna's Guide on Unified Terra Firma
 41544 | Spider:1 | Noticed Josephine
 41548 | Spider:1 | Killed Josephine
 42537 | Spider:2 | Offered knowledge of Spellforged Servitor by Vehumet.
 42669 | Spider:2 | Reached skill level 1 in Fighting
 43121 | Spider:2 | Reached skill level 1 in Armour
 44459 | Spider:2 | Identified the +0 helmet "Vorubyhe" {rN+ Int+4}
 45030 | Spider:3 | Reached XP level 16. HP: 65/106 MP: 20/32
 45036 | Spider:3 | Reached skill level 15 in Conjurations
 45175 | Spider:3 | Offered knowledge of Yara's Violent Unravelling by Vehumet.
 46357 | Spider:4 | Entered Level 4 of the Spider Nest
 46643 | Spider:4 | Reached skill level 5 in Fire Magic
 48874 | Spider:4 | Reached ****** piety under Vehumet
 49344 | Spider:4 | Offered knowledge of Irradiate by Vehumet.
 50202 | Spider:4 | Got a gossamer rune of Zot
 50551 | Swamp:1  | Entered Level 1 of the Swamp
 50735 | Swamp:1  | Identified Roxanne's Anthology of Changing
 50735 | Swamp:1  | Noticed Roxanne
 50923 | Swamp:1  | Killed Roxanne
 51400 | Swamp:1  | Reached skill level 16 in Conjurations
 51403 | Swamp:1  | Gained mutation: A demonic guardian rushes to your aid.
                  | [demonic ancestry]
 51403 | Swamp:1  | Reached XP level 17. HP: 93/111 MP: 14/34
 51645 | Swamp:1  | Identified the ring of Tahues {rN+ rCorr AC+4}
 53391 | Swamp:3  | Offered knowledge of Ignition by Vehumet.
 53714 | Swamp:3  | Identified the +1 kite shield of the Slug {rElec}
 53714 | Swamp:3  | Noticed Donald
 53720 | Swamp:3  | Killed Donald
 54936 | Swamp:4  | Entered Level 4 of the Swamp
 54978 | Swamp:4  | Reached skill level 5 in Fighting
 55671 | Abyss:3  | Cast into level 3 of the Abyss (spriggan rider)
 55729 | Abyss:3  | Noticed a lich
 56220 | Abyss:3  | Collided with a rock wall

Illustrated notes

Levels and vault maps discovered:
D:1:      dreamdust_arrival_beginning_and_end, layout_basic,
          shapermc_ecumenical_altar_pompeii
D:2:      layout_loops_ring, serial_shops, shop_fountains
D:3:      layout_basic, jmf_multi_god_temple2, nicolae_overflow_hidden_temple,
          serial_shops, shop, minmay_statues_item, nicolae_elevator_lobby_plus,
          uniq_crazy_yiuf_cottage
D:4:      layout_rooms, uniq_robin
D:5:      layout_basic, slow_altar_2, solitary_fountain
D:6:      layout_basic, mainiacjoe_overflow_small_starburst, temple_pool_b,
          gup_sewer_entry_spiral
D:7:      layout_rooms, serial_shops, nicolae_shop_hallway_stairs,
          hangedman_abyss_or_decor_stabs, uniq_duvessa
D:8:      layout_basic, nzn_makhleb_speed_demon, serial_glass, glass_columns_a,
          glass_columns_a, corexii_leaking_fountain
D:9:      layout_long_grid, nzn_wu_jian_contemplation, dpeg_lair_monsters
D:10:     cheibrodos_fzero, layout_cave_pools, enter_bailey_3
D:11:     layout_cross, uniq_erolcha
D:12:     layout_rooms, erik_orc_4, hellmonk_ghost_big_iron, drop_trap,
          roderic_lattice_a, nrook_guardian_serpent_ordinary, uniq_azrael
Temple:   nicolae_temple_panitentiary
Lair:1:   gammafunk_indiana_jones, layout_chaotic_city, dreamdust_wasp_nest
Lair:2:   layout_cave_shapes, minmay_swamp_entry_reptiles, grunt_megastairs_3,
          infiniplex_staircase_pool
Lair:3:   layout_long_grid, nicolae_spider_entry_tight_spaces, dpeg_oklob_1,
          uniq_nergalle
Lair:4:   layout_cave_shapes, chequers_serial_rivers_micro_d, minivault_25,
          grunt_megastairs_5
Lair:5:   evilmike_catoblepas_cave, layout_cellular_growth, slime_entry_1,
          ebering_ghost_reflecting_pool, serial_bayou_shore_b
Swamp:1:  layout_basic_swamp, hangedman_swamp_ruin_wall,
          infiniplex_staircase_pool_2, uniq_roxanne
Swamp:2:  layout_basic_swamp, serial_swamp_ruin, evilmike_swamp_ruin_rubble_2,
          evilmike_swamp_ruin_house_1, swamp_pool2, hangedman_swamp_grove
Swamp:3:  nicolae_swamp_phyte_club, layout_basic_swamp,
          evilmike_swamp_ruin_rubble_1, uniq_donald
Swamp:4:  byrel_swamp_growth_death_and_undeath, layout_basic_swamp
Spider:1: layout_cave_pods, uniq_josephine, uniq_asterion
Spider:2: layout_spider_delve, drop_trap, spiders_nest_hornet_nest
Spider:3: layout_spider_delve
Spider:4: grunt_spider_rune_circles, nicolae_spider_eight_legs
Orc:1:    layout_caves, minmay_orc_keep, uniq_urug, uniq_maurice
Orc:2:    st_orc_congregation, layout_caves
Abyss:3:  base: D:11, minivault_20, hangedman_eye_storm, minivault_28

Skill      XL: |  1  2  3  4  5  6  7  8  9 10 11 12 13 14 15 16 17 |
---------------+----------------------------------------------------+-----
Conjurations   | 5 6 7 8 10 11 13 14 16 | 16.0
Spellcasting   | 3 4 5 7 9 10 11 12 13 14 | 14.0
Hexes          | 2 4 5 6 7 8 |  8.0
Dodging        | 2 4 5 6 8 10 | 10.0
Stealth        | 2 |  2.0
Translocations | 3 4 |  4.0
Evocations     | 2 4 5 |  5.0
Earth Magic    | 4 6 8 9 10 11 12 13 14 | 14.0
Short Blades   | 4 |  4.0
Shields        | 4 6 |  6.9
Fire Magic     | 4 7 8 |  8.0
Fighting       | 4 6 |  6.0
Armour         | 4 |  4.0

Action                   |  1- 3 |  4- 6 |  7- 9 | 10-12 | 13-15 | 16-18 || total
-------------------------+-------+-------+-------+-------+-------+-------++-------
Melee: Dagger            |       |       |     3 |   169 |   154 |    59 ||   385
       Punch             |       |       |       |     2 |     2 |       ||     4
Throw: Throwing net      |       |       |       |     2 |     1 |       ||     3
       Dart              |       |       |       |     7 |     6 |       ||    13
 Cast: Magic Dart        |    91 |    67 |    93 |    37 |   228 |   217 ||   733
       Searing Ray       |     3 |    25 |    50 |    17 |     2 |     3 ||   100
       Fulminant Prism   |       |       |    43 |   175 |   197 |    52 ||   467
       Iskenderun's Myst |       |       |    13 |    62 |   124 |    45 ||   244
       Tukima's Dance    |       |       |     1 |    16 |       |       ||    17
       Stone Arrow       |       |       |     1 |    13 |    31 |     2 ||    47
       Sandblast         |       |       |       |    48 |   128 |       ||   176
       Lee's Rapid Decon |       |       |       |    24 |   117 |     4 ||   145
       Iskenderun's Batt |       |       |       |       |    72 |    93 ||   165
       Iron Shot         |       |       |       |       |    71 |   205 ||   276
       Flame Wave        |       |       |       |       |     7 |    14 ||    21
Evoke: Wand              |       |       |     6 |    25 |     4 |    12 ||    47
       Lightning rod     |       |       |       |       |       |     2 ||     2
  Use: Scroll            |     8 |     3 |    14 |    10 |     7 |     4 ||    46
       Potion            |       |       |     5 |     9 |     5 |     7 ||    26
Armor: Robe              |     4 |     7 |    24 |     4 |       |       ||    39
       Skin              |       |       |     1 |    15 |       |       ||    16
       Troll leather arm |       |       |       |    63 |   116 |   122 ||   301
Dodge: Dodged            |    27 |    17 |    88 |   209 |   588 |   355 ||  1284
Block: Buckler           |       |       |       |       |    83 |    79 ||   162
       Kite shield       |       |       |       |       |       |    58 ||    58
